 Dungeon Crawl Stone Soup version 0.31.0-7-gf635a9b802 (webtiles) character file.

Game seed: 6871682187669954769

20 Crownlay the Trooper (level 3, -2/30 HPs)
             Began as a Djinni Monk on Jan 23, 2024.
             Slain by a hobgoblin (4 damage)
             ... on level 2 of the Dungeon.
             The game lasted 00:01:01 (890 turns).

Crownlay the Trooper (Djinni Monk)                   Turns: 890, Time: 00:01:02

Health: -2/30      AC:  2    Str: 10    XL:     3   Next: 0%
Gold:   63         EV: 13    Int: 13    God:
                   SH:  0    Dex: 15

rFire   + + +        a - +0 short sword
rCold   x x .        d - orb {light}
rNeg    . . .        b - +0 robe
rPois   ∞            (no helmet)
rElec   .            (no cloak)
rCorr   .            (no gloves)
SInv    .            (boots unavailable)
Will    .....        (no amulet)
Stlth   +            f - ring of fire
HPRegen 0.25/turn    (no ring)
MPRegen 0.00/turn

%: infuse magic (-3 HP)
@: flying, very slightly contaminated, glowing
A: sickness immunity, fire resistance 2, cold vulnerability 1, float, innate
caster, HP casting, extra vitality 1
a: no special abilities


You were on level 2 of the Dungeon.
You visited 1 branch of the dungeon, and saw 2 of its levels.

You collected 63 gold pieces.

Inventory:

Hand Weapons
 a - a +0 short sword (weapon)
Armour
 b - a +0 robe (worn)
 d - an orb of light (worn)
Jewellery
 f - a ring of fire (left hand)
Scrolls
 g - a scroll of fog {unknown}
 j - a scroll of teleportation {unknown}
 m - a scroll of noise {unknown}
 p - 3 scrolls of identify {unknown}
Potions
 c - a potion of ambrosia
 e - a potion of enlightenment {unknown}
 h - a potion of attraction {unknown}
 i - a potion of cancellation {unknown}
 k - 2 potions of brilliance {unknown}
 l - a potion of haste {unknown}
 n - a potion of heal wounds {unknown}
 o - a potion of might {unknown}


   Skills:
 * Level 3.6 Fighting
 - Level 2.6 Short Blades
 - Level 3.2 Dodging
 + Level 0.8 Spellcasting
 + Level 0.8 Conjurations
 + Level 0.8 Hexes
   Level 0.0 Charms
 + Level 0.8 Summonings
 + Level 0.8 Necromancy
 + Level 0.8 Translocations
   Level 0.0 Transmutations
 + Level 0.8 Fire Magic
 + Level 0.8 Ice Magic
 + Level 0.8 Air Magic
 + Level 0.8 Earth Magic
 + Level 0.8 Alchemy


You knew the following spells:

 Your Spells              Type           Power      Damage    Failure   Level
a - Foxfire               Conj/Fire      16%        2x1d4     21%         1
Your spell library was empty.

Dungeon Overview and Level Annotations

Branches:
Dungeon (2/15)

Altars:
Xom

Annotations:
D:2 Terence


Innate Abilities, Weirdness & Mutations

You are immune to sickness and miasma.
You are immune to poison.
Your flesh is very heat resistant. (rF++)
You are vulnerable to cold. (rC-)
You float through the air rather than walking.
You learn spells naturally, not from books.
Your magical power is your life essence.
You have superior vitality. (+4 MHP)


Message History

You hit Terence but do no damage.
Terence is heavily wounded.
The foxfire hits Terence.
Terence is heavily wounded.
The foxfire hits Terence but does no damage.
Terence is heavily wounded.
The hobgoblin hits you. Terence hits you with a +0 mace!
Casting: Foxfire (safe; 21% risk of failure)
Confirm with . or Enter, or press ? or * to list all spells.
You feel a surge of power!
You conjure some foxfire!
The hobgoblin closely misses you. Terence hits you with a +0 mace.
* * * LOW HITPOINT WARNING * * *
You hit Terence but do no damage.
Terence is heavily wounded.
The foxfire hits Terence but does no damage.
Terence is heavily wounded.
The foxfire hits Terence but does no damage.
Terence is heavily wounded.
The hobgoblin barely misses you. Terence hits you with a +0 mace.
* * * LOW HITPOINT WARNING * * *
Casting: Foxfire (safe; 21% risk of failure)
Confirm with . or Enter, or press ? or * to list all spells.
You feel a surge of power!
You conjure some foxfire!
* * * LOW HITPOINT WARNING * * *
The hobgoblin hits you.
* * * LOW HITPOINT WARNING * * *
Terence hits you but does no damage.
You hit Terence but do no damage.
Terence is heavily wounded.
The foxfire hits Terence.
Terence is severely wounded.
The foxfire hits Terence but does no damage.
Terence is severely wounded.
The hobgoblin hits you.
* * * LOW HITPOINT WARNING * * *
Terence barely misses you.
You hit Terence but do no damage.
Terence is severely wounded.
The hobgoblin hits you.
You die...

. ..... #. #....
#.##..$##
#.......##
#........
##.....$.####..
......g.§......#
......@@§.###..#
##.#.#.......#
#>#.###.....#
#.#.###.####...
##.###.#.....#
..
......)#.###.#
#.......# #.#
###.###.# #..
##.######


You could see Terence and a hobgoblin.

Vanquished Creatures
  A dart slug (D:1)
  3 endoplasms
  A giant cockroach (D:2)
  A hobgoblin (D:1)
  3 ball pythons (D:1)
  2 bats (D:1)
  2 frilled lizards (D:1)
  4 kobolds (D:1)
  2 rats (D:1)
19 creatures vanquished.

Vanquished Creatures (others)
  13 foxfires (D:2)
13 creatures vanquished.

Grand Total: 32 creatures vanquished

Notes
Turn   | Place    | Note
-------+----------+-------------------------------------------
     0 | D:1      | Crownlay the Djinni Monk began the quest for the Orb.
     0 | D:1      | Reached XP level 1. HP: 20/20 MP: 0/0
   396 | D:1      | Reached XP level 2. HP: 22/25 MP: 0/0
   828 | D:2      | Found a shimmering altar of Xom.
   875 | D:2      | Reached XP level 3. HP: 30/30 MP: 0/0
   875 | D:2      | Learned a level 1 spell: Foxfire
   875 | D:2      | Noticed Terence
   890 | D:2      | Slain by a hobgoblin

Illustrated notes

Levels and vault maps discovered:
D:1:      lightli_arrival_lavapool, layout_loops_cross, serial_rivers,
          chequers_serial_rivers_large_a, chequers_serial_rivers_room_b,
          chequers_serial_rivers_room_b, chequers_serial_rivers_micro_b,
          chequers_serial_rivers_small_a, minmay_split_cup_small
D:2:      layout_loops_ring, basic_altar, nicolae_houndstooth_variations,
          uniq_terence

Action                     || total
---------------------------++-------
  Melee: Short sword       ||    58
   Cast: Foxfire           ||     7
 Armour: Robe              ||    30
  Dodge: Dodged            ||    42
